 Dungeon Crawl Stone Soup version 0.26-a0-660-gc07710193c (console) character file.

Game seed: 15869851411879878352

100 om the Changer (level 4, 0/33 HPs)
             Began as a Merfolk Transmuter on Oct 5, 2020.
             Was an Initiate of Gozag.
             Slain by a centaur skeleton (4 damage)
             ... on level 4 of the Dungeon.
             The game lasted 00:07:18 (3944 turns).

om the Changer (Merfolk Transmuter)                 Turns: 3944, Time: 00:07:18

Health: 0/33       AC:  3    Str: 11    XL:     4   Next: 74%
Magic:  7/7        EV: 13    Int: 12    God:    Gozag
Gold:   253        SH:  0    Dex: 14    Spells: 4/8 levels left

rFire    . . .     SeeInvis .   w - +0 spear
rCold    . . .     Faith    .   (no shield)
rNeg     . . .     Spirit   .   s - +0 leather armour
rPois    .         Reflect  .   (helmet currently unavailable)
rElec    .         Harm     .   (no cloak)
rCorr    .         Rampage  .   (no gloves)
MR       .....                  (boots currently unavailable)
Stlth    +.........             (no amulet)
HPRegen  0.11/turn              (no ring)
MPRegen  0.10/turn              (no ring)

@: lethally poisoned (0 -> -2), appendages
A: change form in water, swift swim, stealthy swim, horns 2
a: End Transformation, Potion Petition, Call Merchant, Bribe Branch, Renounce
Religion


You were on level 4 of the Dungeon.
You worshipped Gozag.
Gozag was aware of your devotion.
You had grown temporary horns.
You visited 1 branch of the dungeon, and saw 4 of its levels.

You collected 302 gold pieces.
You paid 49 gold pieces to Gozag.

Inventory:

Hand Weapons
 w - a +0 spear (weapon)
Armour
 a - a +0 robe
 n - a +1 pair of boots (melded)
 s - a +0 leather armour (worn)
Scrolls
 c - a scroll of random uselessness {unknown}
 d - 4 scrolls of teleportation
 g - a scroll of fog {unknown}
 h - a scroll of noise {unknown}
 i - 3 scrolls of identify {unknown}
 j - a scroll of blinking {unknown}
 p - 2 scrolls of enchant weapon {unknown}
 q - a scroll of fear {unknown}
 r - 2 scrolls of remove curse {unknown}
 v - a scroll of amnesia {unknown}
Potions
 b - 2 potions of berserk rage {unknown}
 e - a potion of ambrosia {unknown}
 f - 3 potions of heal wounds {unknown}
 k - a potion of cancellation {unknown}
 l - a potion of mutation {unknown}
 m - 2 potions of invisibility {unknown}
 o - a potion of degeneration {unknown}
 t - a potion of curing {unknown}
 u - 2 potions of flight {unknown}


   Skills:
 + Level 1.9 Fighting
 + Level 0.0 Polearms
 * Level 0.0 Armour
 + Level 3.4 Dodging
 - Level 4.0 Unarmed Combat
 + Level 2.6 Spellcasting
 * Level 4.1 Transmutations


You had 4 spell levels left.
You knew the following spells:

 Your Spells              Type           Power        Failure   Level
a - Beastly Appendage     Tmut           ##....       6%          1
b - Spider Form           Tmut/Pois      #.........   41%         3

Your spell library contained the following spells:

 Spells                   Type           Power        Failure   Level
 Wereblood                Tmut           ##......     10%         2
 Shock                    Conj/Air       #...         34%         1
 Swiftness                Air            #.......     45%         2
 Static Discharge         Conj/Air       #.......     71%         3
 Ice Form                 Ice/Tmut       #.......     82%         4
 Airstrike                Air            #.........   98%         4
 Blade Hands              Tmut           ##........   86%         5
 Lightning Bolt           Conj/Air       #.........   100%        5


Dungeon Overview and Level Annotations

Branches:
Dungeon (4/15)
 Temple: D:4-7

Altars:
Gozag


Innate Abilities, Weirdness & Mutations

You revert to your normal form in water.
You are very nimble and swift while swimming.
You are very stealthy in the water. (Stealth+)
You have a pair of horns on your head.


Message History

The centaur skeleton barely misses you.
You are too injured to fight recklessly!
You closely miss the worker ant. You headbutt the worker ant.
The worker ant is moderately wounded.
The centaur skeleton closely misses you.
The worker ant bites you.
You hit the worker ant. You punch the worker ant.
The worker ant is heavily wounded.
The centaur skeleton hits you. The worker ant barely misses you.
The centaur skeleton hits you.
* * * LOW HITPOINT WARNING * * *
You are too injured to fight recklessly!
You hit the worker ant but do no damage.
Your headbutt misses the worker ant.
You punch the worker ant, but do no damage.
The worker ant is heavily wounded.
You feel sick. The worker ant bites you.
* * * LOW HITPOINT WARNING * * *
The centaur skeleton hits you.
You die...
Your body crumbles into a pile of gold.

..
#.#########
#.........#
#........#
#........#
.#
#.......#..#
#...Z......#
#...B@...#
#######..#
.... ....
... .. .


You could see a worker ant and a centaur skeleton.

Vanquished Creatures
  2 adders
  An ooze (D:1)
  4 worms
  2 dart slugs
  2 leopard geckos (D:2)
  3 orcs (D:3)
  2 giant cockroaches (D:3)
  3 hobgoblins
  10 jackals
  7 kobolds
  4 bats
  5 frilled lizards
  4 goblins
  A quokka skeleton (D:4)
  10 rats
60 creatures vanquished.

Notes
Turn   | Place    | Note
-------+----------+-------------------------------------------
     0 | D:1      | om the Merfolk Transmuter began the quest for the Orb.
     0 | D:1      | Reached XP level 1. HP: 15/15 MP: 3/3
   150 | D:1      | Reached XP level 2. HP: 6/21 MP: 3/5
  1370 | D:2      | Reached XP level 3. HP: 26/26 MP: 4/6
  2546 | D:2      | Reached XP level 4. HP: 33/33 MP: 5/7
  2714 | D:3      | Learned a level 3 spell: Spider Form
  2722 | D:3      | Found an opulent altar of Gozag.
  2758 | D:3      | Became a worshipper of Gozag Ym Sagoz the Greedy
  3944 | D:4      | Slain by a centaur skeleton

Illustrated notes

Levels and vault maps discovered:
D:1:      roderic_crossed_star, layout_basic, dk_noncrumbling_4,
          minmay_hexomino_f4
D:2:      layout_loops_ring
D:3:      layout_basic, grunt_gozag_breadcrumbs
D:4:      layout_rooms, ashenzari_conservatory_becter, portal_sewer_entry_b

Skill      XL: |  1  2  3  4 |
---------------+-------------+-----
Transmutations | 3 4 |  4.1
Dodging        | 3 |  3.4
Unarmed Combat | 4 |  4.0
Fighting       | |  1.9
Spellcasting   | |  2.6

Action                   |  1- 3 |  4- 6 || total
-------------------------+-------+-------++-------
Melee: Unarmed           |   137 |    69 ||   206
       Headbutt          |    15 |    15 ||    30
       Punch             |     2 |     3 ||     5
       Spear             |       |    23 ||    23
 Cast: Beastly Appendage |    30 |    12 ||    42
  Use: Scroll            |       |     1 ||     1
 Stab: Sleeping          |     2 |       ||     2
Armor: Robe              |    17 |     6 ||    23
       Leather armour    |       |     9 ||     9
Dodge: Dodged            |    88 |    72 ||   160

Table legend: (Time is in decaauts)
 A = Elapsed time spent in this place.
 B = Non-inter-level travel time spent in this place.
 C = Inter-level travel time spent in this place.
 D = Time resting spent in this place.
 E = Time spent auto-exploring this place.
 F = Levels seen in this place.
 G = Mean time per level.
                   A        B        C        D        E       F      G
               +--------+--------+--------+--------+--------+-----+--------+
         Total |   3930 |   3860 |     70 |    995 |   2242 |   4 |  982.5 |
       Dungeon |   3930 |   3860 |     70 |    995 |   2242 |   4 |  982.5 |
               +--------+--------+--------+--------+--------+-----+--------+

Top non-repeatable levels by time:
     D:2: 1332 daAuts
     D:1: 1318 daAuts
     D:3: 1218 daAuts
     D:4: 61 daAuts
